 Dungeon Crawl Stone Soup version 0.29-a0-25-g7f48f510a0 (webtiles) character file.

Game seed: 16809795023624349941

707 dolemite99 the Cruncher (level 7, -13/51 HPs)
             Began as a Minotaur Chaos Knight on Feb 1, 2022.
             Was a Believer of the Shining One.
             Mangled by an orc warrior (15 damage)
             ... on level 8 of the Dungeon.
             The game lasted 00:04:56 (3525 turns).

dolemite99 the Cruncher (Minotaur Chaos Knight)     Turns: 3525, Time: 00:04:57

Health: -13/51     AC: 12    Str: 16 (19) XL:     7   Next: 39%
Magic:  6/6        EV:  4    Int:  6 (9)  God:    the Shining One [**....]
Gold:   253        SH:  0    Dex:  7 (9)  Spells: 6/6 levels left

rFire   + . .      SeeInvis .   a - +2 quarterstaff (venom)
rCold   + . .      Faith    .   (shield currently unavailable)
rNeg    + . .      Spirit   .   v - +0 plate armour
rPois   +          Reflect  .   (helmet restricted)
rElec   +          Harm     .   (no cloak)
rCorr   +          Rampage  .   k - +0 pair of gloves
Will    .....                   (no boots)
Stlth   ..........              (no amulet)
HPRegen 0.17/turn               (no ring)
MPRegen 0.10/turn               (no ring)

@: resistant, attractive, hasted, glowing, very quick
A: horns 2, retaliatory headbutt, frail 1
a: Renounce Religion, Divine Shield


You were on level 8 of the Dungeon.
You worshipped the Shining One.
The Shining One was pleased with you.
You visited 1 branch of the dungeon, and saw 6 of its levels.

You collected 253 gold pieces.

Inventory:

Hand Weapons
 a - a +2 quarterstaff of venom (weapon)
 j - a +0 spear of chaos
Missiles
 d - 2 boomerangs
 e - 106 stones (quivered)
 f - 52 sling bullets
 q - 62 arrows
Armour
 b - a +2 leather armour
 k - a +0 pair of gloves (worn)
 m - a +0 chain mail
 v - a +0 plate armour (worn)
Magical Staves
 l - a staff of air
 o - a staff of fire
Wands
 p - a wand of flame (17)
Scrolls
 c - 2 scrolls of immolation
Potions
 r - a potion of haste


   Skills:
 - Level 3.6 Fighting
 - Level 4.5(7.4) Polearms
 + Level 9.1(9.6) Staves
 - Level 2.4 Armour
 - Level 1.1 Dodging
 - Level 1.2 Unarmed Combat


You had 6 spell levels left.
You didn't know any spells.
Your spell library was empty.

Dungeon Overview and Level Annotations

Branches:
Dungeon (5/15)               Lair (0/6) D:8
 Temple: D:4-7

Altars:
Xom
The Shining One

Portals:
Abyss: D:4

Annotations:
D:4 2 transporters, enile's ghost, amateur OpWn


Innate Abilities, Weirdness & Mutations

You have a pair of horns on your head.
You reflexively headbutt those who attack you in melee.
You are frail. (-10% HP)


Message History

The centaur is attracted toward you.
You sock the centaur!
The centaur is poisoned.
The centaur is heavily wounded.
You barely miss the centaur.
The centaur is heavily wounded.
The centaur unwields a +0 shortbow.
The centaur hits you.
* * * LOW HITPOINT WARNING * * *
The centaur kicks you but does no damage.
The orc warrior is attracted toward you.
You hit the centaur.
The centaur looks as sick as possible!
The centaur is almost dead.
The centaur barely misses you. You furiously retaliate!
You headbutt the centaur, but do no damage.
The centaur kicks you.
* * * LOW HITPOINT WARNING * * *
You hit the centaur.
The centaur looks as sick as possible!
You headbutt the centaur.
You kill the centaur!
Your Staves skill increases to level 9!
Okay, then.
You hit the orc warrior but do no damage.
You hit the orc warrior.
The orc warrior is lightly wounded.
The orc warrior barely misses you. You furiously retaliate!
You headbutt the orc warrior. The orc priest is attracted toward you.
You hit the orc warrior.
The orc warrior is poisoned.
You headbutt the orc warrior!
The orc warrior is severely wounded.
You hit the orc warrior but do no damage.
You headbutt the orc warrior, but do no damage.
The orc warrior is severely wounded.
The orc warrior hits you with a +0 battleaxe.
* * * LOW HITPOINT WARNING * * *
You hit the orc warrior.
The orc warrior looks as sick as possible!
The orc warrior is severely wounded.
You hit the orc warrior but do no damage.
The orc warrior is almost dead.
The orc warrior hits you with a +0 battleaxe!
You die...

#+# #.# #.#
##.##
#####...##
.........#
#...#
##|########..
#..oo@.......
##o#########.
#.# #c#
.....hoo#
>.......#
o..P..#$#
.....##.#
..... #.#


You could see an orc warrior (extremely poisoned), an orc priest and an orc.

Vanquished Creatures
  Eustachio (D:4)
  A warg (D:8)
  A centaur (D:8)
  A scorpion (D:3)
  2 howler monkeys
  A centaur zombie (D:8)
  A hound (D:5)
  An orc priest (D:2)
  An orc wizard (D:8)
  4 adders
  2 ufetubi
  An adder skeleton (D:4)
  2 worms
  A dart slug (D:1)
  7 orcs
  9 endoplasms
  3 giant cockroaches
  5 goblins
  4 hobgoblins
  4 kobolds
  4 quokkas
  7 ball pythons
  4 bats
  A frilled lizard (D:2)
  3 rats
71 creatures vanquished.

Notes
Turn   | Place    | Note
-------+----------+-------------------------------------------
     0 | D:1      | dolemite99 the Minotaur Chaos Knight began the quest for
                  | the Orb.
     0 | D:1      | Reached XP level 1. HP: 19/19 MP: 0/0
   253 | D:1      | XOM: silly message
   325 | D:1      | Found a faded altar of an unknown god.
   350 | D:1      | Reached XP level 2. HP: 26/26 MP: 1/1
   358 | D:1      | Prayed at the altar of an unknown god.
   358 | D:1      | Fell from the grace of Xom
   358 | D:1      | Became a worshipper of the Shining One
   358 | D:1      | Reached * piety under the Shining One
   837 | D:1      | Reached skill level 1 in Unarmed Combat
   870 | D:1      | XOM: noise
  1105 | D:2      | Found a shimmering altar of Xom.
  1105 | D:2      | XOM: 3-stop teleportation journey
  1120 | D:2      | Reached skill level 1 in Staves
  1122 | D:2      | Reached XP level 3. HP: 23/31 MP: 2/2
  1138 | D:2      | Reached skill level 2 in Staves
  1515 | D:2      | Reached skill level 3 in Staves
  1743 | D:2      | Reached XP level 4. HP: 39/39 MP: 3/3
  2166 | D:3      | Noticed a scorpion
  2173 | D:3      | Killed a scorpion
  2174 | D:3      | Reached skill level 4 in Staves
  2174 | D:3      | Reached XP level 5. HP: 45/45 MP: 4/4
  2324 | D:3      | Reached skill level 5 in Staves
  2478 | D:4      | Found a transporter.
  2479 | D:4      | Found a transporter.
  2495 | D:4      | Found a one-way gate to the infinite horrors of the Abyss.
  2495 | D:4      | Noticed enile's ghost (amateur OpWn)
  2558 | D:4      | Reached ** piety under the Shining One
  2674 | D:4      | Noticed Eustachio
  2682 | D:4      | XOM: give mutation
  2682 | D:4      | Gained mutation: You are frail. (-10% HP) [Xom's mischief]
  2687 | D:4      | Reached skill level 6 in Staves
  2703 | D:4      | Killed Eustachio
  2704 | D:4      | Reached skill level 7 in Staves
  2704 | D:4      | Reached XP level 6. HP: 29/45 MP: 5/5
  3358 | D:5      | Entered Level 5 of the Dungeon
  3444 | D:5      | You fall into a shaft and drop 3 floors!
  3484 | D:8      | Found a staircase to the Lair.
  3484 | D:8      | Noticed an orc warrior
  3484 | D:8      | Noticed a warg
  3498 | D:8      | Killed a warg
  3499 | D:8      | Reached skill level 8 in Staves
  3499 | D:8      | Reached XP level 7. HP: 7/51 MP: 6/6
  3502 | D:8      | XOM: repel stairs
  3504 | D:8      | HP: 2/51 [orc wizard (2)]
  3515 | D:8      | The Shining One protects you from harm!
  3520 | D:8      | Reached skill level 9 in Staves
  3523 | D:8      | HP: 1/51 [orc warrior (4)]
  3525 | D:8      | Mangled by an orc warrior

Illustrated notes

Levels and vault maps discovered:
D:1:      dpeg_arrival_windows_large_door, layout_basic,
          hellmonk_ecumenical_altar_blasted
D:2:      cheibrodos_pilgrimage, layout_basic, basic_altar
D:3:      layout_rooms, grunt_decor_fettered, kennysheep_crisscross,
          kennysheep_generic_room_16
D:4:      layout_basic, gammafunk_ghost_abyssal_escape,
          nicolae_concentric_dashed_squares_mild, uniq_eustachio
D:5:      layout_basic, kiku_gazebo_pond_becter, serial_corexii_hall,
          chequers_hall_statues_corner_a, corexii_hall_statues_i,
          hangedman_decor_push
D:8:      layout_loops_corners, chequers_temple_overflow_minitemple,
          erik_lair_orcish_takeover, minmay_misc_feat_nine_boxes,
          minmay_misc_feat_more_columns

Skill      XL: |  1  2  3  4  5  6  7 |
---------------+----------------------+-----
Polearms       | 4 |  4.5
Unarmed Combat | 1 |  1.2
Staves         | 1 3 4 7 8 9 |  9.1
Fighting       | |  3.6
Armour         | |  2.4
Dodging        | |  1.1

Action                   |  1- 3 |  4- 6 |  7- 9 || total
-------------------------+-------+-------+-------++-------
Melee: Spear             |    21 |       |       ||    21
       Unarmed           |    12 |       |       ||    12
       Staff             |    26 |       |       ||    26
       Headbutt          |    11 |    17 |     4 ||    32
       Punch             |     1 |       |       ||     1
       Quarterstaff      |     2 |    74 |    14 ||    90
Throw: Stone             |    40 |    54 |       ||    94
  Use: Potion            |     1 |     4 |     5 ||    10
       Scroll            |       |     7 |       ||     7
Armor: Leather armour    |    22 |       |       ||    22
       Chain mail        |     1 |    22 |       ||    23
       Plate armour      |       |    13 |     5 ||    18
Dodge: Dodged            |    28 |    22 |     5 ||    55

Table legend: (Time is in decaauts)
 A = Elapsed time spent in this place.
 B = Non-inter-level travel time spent in this place.
 C = Inter-level travel time spent in this place.
 D = Time resting spent in this place.
 E = Time spent auto-exploring this place.
 F = Levels seen in this place.
 G = Mean time per level.
                   A        B        C        D        E       F      G
               +--------+--------+--------+--------+--------+-----+--------+
         Total |   3519 |   3340 |    179 |    355 |   2287 |   6 |  586.5 |
       Dungeon |   3519 |   3340 |    179 |    355 |   2287 |   6 |  586.5 |
               +--------+--------+--------+--------+--------+-----+--------+

Top non-repeatable levels by time:
     D:1: 985 daAuts
     D:4: 926 daAuts
     D:2: 816 daAuts
     D:3: 635 daAuts
     D:5: 85 daAuts
     D:8: 70 daAuts
